[Event "*** Titled Tuesday Blitz"]
[Site "Chess.com"]
[Date "2021.04.20"]
[Round "1"]
[White "DanielTitichoca"]
[Black "aNONoNonono"]
[Result "1-0"]
[WhiteElo "2278"]
[BlackElo "2565"]
[TimeControl "180+1"]
[EndTime "10:07:43 PDT"]
[Termination "DanielTitichoca won by resignation"]

1. e4 Nf6 2. e5 Nd5 3. Nf3 d6 4. c4 Nb6 5. exd6 exd6 6. d4 Be7 7. h3 O-O 8. Bd3 Nc6 9. O-O Bf6 10. Nc3 Re8 11. Be3 Nb4 12. Be2 Bf5 13. Rc1 d5 14. b3 dxc4 15. bxc4 h6 16. Qb3 Nc6 17. Rfd1 Qd7 18.
c5 Nc8 19. d5 Na5 20. Qb4 b6 21. Bb5 Qe7 22. Bxe8 Qxe8 23. Bd4 Be7 24. Re1 Qf8 25.
Na4 Nb7 26. d6 cxd6 27. c6 Nc5 28. Bxc5 dxc5 29. Qf4 Be6 30. Nc3 Bd6 31. Qd2 Bc7 32. Nb5 Qe7 33. Ne5 Bxe5 34. Rxe5 a6 35. Nc3 Qc7 36. Qf4 Qxc6 37. Rce1 Ne7 38. Ne4 Ng6 39. Qg3 Nxe5 40. Qxe5 Qd5 41. Qg3 Kh8 42. Qf4 Rd8 43.
Re3 Qd4 44. Rg3 Bd5 45. Re3 Re8 46. Nf6 Rxe3 47. Qb8+ 1-0

[Event "*** Titled Tuesday Blitz"]
[Site "Chess.com"]
[Date "2021.04.20"]
[Round "1"]
[White "gmpeter008"]
[Black "ChristopherYoo"]
[Result "1/2-1/2"]
[WhiteElo "2464"]
[BlackElo "2881"]
[TimeControl "180+1"]
[EndTime "10:07:45 PDT"]
[Termination "Game drawn by repetition"]

1. Nf3 g6 2. d4 Bg7 3. c4 Nf6 4. Nc3 d5 5. cxd5 Nxd5 6. Bd2 Nxc3 7. Bxc3 O-O 8. e4 Bg4 9. Be2 Nc6 10. d5 Bxc3+ 11. bxc3 Bxf3 12. Bxf3 Ne5 13. Be2 c6 14. f4 Nd7 15. dxc6 bxc6 16. O-O Qb6+ 17. Qd4 Rfd8 18. Rfb1 Qxd4+ 19. cxd4 Nf6 20. e5 Nd5 21. Rf1 Ne3 22.
Rfc1 Rxd4 23. Kf2 Nd5 24. g3 Rb8 25. Rxc6 Rb2 26. Kf3 Ra4 27. Bc4 Ra3+ 28. Ke4 e6 29. Bxd5 Re2+ 30. Kd4 Rd2+ 31. Kc4 exd5+ 32. Kc5 Rxh2 33.
Kd6 Rhxa2 34. Rb1 Ra6 35. Rxa6 Rxa6+ 36. Kxd5 h5 37. Rb7 Kg7 38. Ke4 Kf8 39. Rb8+ Ke7 40. Rb7+ Ke6 41. Kf3 Ra3+ 42. Ke4 Ra4+ 43. Kf3 Ra3+ 44.
Ke4 a5 45. Rb6+ Ke7 46. Rb7+ Kf8 47. e6 fxe6 48. Ke5 Rxg3 49. Kf6 Kg8 50. Rb8+ Kh7 51.
Rb7+ Kh6 52. Rb8 Kh7 53. Rb7+ Kh8 54. Rb8+ Kh7 1/2-1/2

[Event "*** Titled Tuesday Blitz"]
[Site "Chess.com"]
[Date "2021.04.20"]
[Round "1"]
[White "mapleaff"]
[Black "attack2mateU"]
[Result "0-1"]
[WhiteElo "2383"]
[BlackElo "2704"]
[TimeControl "180+1"]
[EndTime "10:07:45 PDT"]
[Termination "attack2mateU won by checkmate"]

1. c4 g6 2. Nc3 c5 3. g3 Bg7 4. Bg2 Nc6 5. Nf3 d6 6. O-O Bf5 7. d3 Qd7 8. e4 Bg4 9. Be3 h5 10. Qd2 Nd4 11. Bxd4 cxd4 12. Ne2 e5 13. Ne1 h4 14. f3 Be6 15. g4 h3 16. Bh1 Qe7 17.
Ng3 Bh6 18. Qe2 Be3+ 19. Rf2 Qf6 20. Nc2 Bxf2+ 21. Qxf2 Ne7 22. Rf1 g5 23. Nh5 Qh6 24.
Qg3 Ng6 25. Qxh3 Ke7 26. Qg3 Nf4 27. Nxf4 gxf4 28. Qg2 Qg5 29. b4 b5 30. Na3 bxc4 31. dxc4 Rac8 32. c5 dxc5 33. bxc5 Rxc5 34. Qb2 Kf6 35. Qb4 Qh4 36. Qd2 Rc3 37. Nb1 Re3 38.
Bg2 Qxh2+ 39. Kf2 Qg3+ 40. Kg1 d3 41. Nc3 Kg5 42. Rf2 Rb8 43. Nd1 Rb1 44. Rf1 Re2 45.
Qxe2 dxe2 46. Nf2 exf1=Q# 0-1

[Event "*** Titled Tuesday Blitz"]
[Site "Chess.com"]
[Date "2021.04.20"]
[Round "1"]
[White "Msb2"]
[Black "WPWPWP-2015"]
[Result "1-0"]
[WhiteElo "2902"]
[BlackElo "2457"]
[TimeControl "180+1"]
[EndTime "10:07:46 PDT"]
[Termination "Msb2 won by checkmate"]

1. d4 Nf6 2. c4 e6 3. Nc3 Bb4 4. e3 O-O 5. Bd2 d5 6. Nf3 Bd6 7.
Bd3 c6 8. O-O dxc4 9. Bxc4 Nbd7 10. Qc2 e5 11. h3 b5 12. Bb3 Bb7 13. Rad1 Qc7 14. e4 h6 15. Be3 Rfe8 16. dxe5 Nxe5 17.
Nd4 b4 18. Nce2 c5 19. Nb5 Bxe4 20. Nxc7 Bxc2 21. Rxd6 Bd3 22. Nxe8 Nxe8 23. Rxd3 Nxd3 24. Rd1 Nxb2 25. Rd2 c4 26. Rxb2 cxb3 27. axb3 a5 28. Ra2 Nd6 29. Bc5 Rd8 30. Rd2 Nb7 31. Rxd8+ Nxd8 32. Bb6 Nb7 33. Nd4 Kf8 34. Nc6 a4 35.
bxa4 b3 36. Bd4 Ke8 37. a5 Nc5 38. Nb4 Kd7 39. a6 Kc8 40. a7 Kb7 41. Kf1 Na4 42. Nd3 f6 43. Ke2 h5 44. Kd2 Ka8 45. Nb2 Nxb2 46.
Bxb2 Kxa7 47. Kc3 Kb6 48. Kxb3 Kc5 49. Kc3 Kd5 50. Kd3 Ke6 51. Ke4 g5 52. g4 hxg4 53. hxg4 Kf7 54. Kf5 Kg7 55. Bxf6+ Kh6 56. Bxg5+ Kg7 57.
f4 Kh7 58. Kf6 Kg8 59. Kg6 Kh8 60. f5 Kg8 61. f6 Kh8 62. Bh4 Kg8 63. Bf2 Kh8 64.
Be3 Kg8 65. f7+ Kh8 66. Bd4# 1-0

[Event "*** Titled Tuesday Blitz"]
[Site "Chess.com"]
[Date "2021.04.20"]
[Round "1"]
[White "FredyMatsuura"]
[Black "Gahan-MG"]
[Result "1/2-1/2"]
[WhiteElo "2336"]
[BlackElo "2625"]
[TimeControl "180+1"]
[EndTime "10:07:48 PDT"]
[Termination "Game drawn by agreement"]

1. d4 Nf6 2. c4 g6 3. Nc3 d5 4. Nf3 Bg7 5. e3 O-O 6. Qb3 c6 7. Bd2 Qb6 8. Qxb6 axb6 9. cxd5 cxd5 10. Be2 Nc6 11. O-O Bf5 12. Nh4 Rfd8 13. Nxf5 gxf5 14. Rfc1 e6 15. Nb5 Ne4 16. Be1 f4 17. Bd3 fxe3 18. fxe3 f5 19. Bxe4 dxe4 20. Bg3 e5 21. Nc7 exd4 22.
Nxa8 Rxa8 23. Rf1 dxe3 24. Rxf5 Bxb2 25. Re1 Bd4 26. h3 Rxa2 27. Rg5+ Kf7 28. Rg4 Ke6 29. Rxe4+ Kd5 30. Re8 b5 31. Bf4 Ne5 32. Bxe3 Bxe3+ 33. Rxe3 Nc4 34. R3e7 b4 35. Rxb7 Nd6 36. Rd8 Kc5 37.
Rxd6 Kxd6 38. Rxb4 Ke6 39. Rf4 Ra5 40. Kh2 Ke5 41. Rf8 Ke6 42. h4 Ke7 43. Rf3 Ra4 44.
Kh3 Ke6 45. g4 Ke7 46. h5 h6 47. Rf5 Ke6 48. Rf8 Ke7 49. Rf3 Ra1 50. Kg3 Ra4 51. Rf5 Ra3+ 52. Rf3 Ra4 53. Rf4 Ra1 54. Kh4 Rh1+ 55.
Kg3 Ra1 56. Kf3 Ra3+ 57. Ke4 Ra5 58. Rf5 Ra4+ 59. Kf3 Ra3+ 60. Kf4 Ra4+ 61. Kg3 Ra3+ 62. Kh4 Ra1 63. Rf3 1/2-1/2

[Event "*** Titled Tuesday Blitz"]
[Site "Chess.com"]
[Date "2021.04.20"]
[Round "1"]
[White "Revnov"]
[Black "c_r_e_e_p_e_r"]
[Result "1-0"]
[WhiteElo "2657"]
[BlackElo "2356"]
[TimeControl "180+1"]
[EndTime "10:07:49 PDT"]
[Termination "Revnov won by checkmate"]

1. e4 c5 2. Nf3 e6 3. d4 cxd4 4. Nxd4 a6 5. Bd3 Qc7 6. O-O Nf6 7. Qe2 d6 8. c4 g6 9. Nc3 Bg7 10.
Nf3 O-O 11. Bd2 b6 12. b4 Bb7 13. Rac1 Nbd7 14. Rfd1 Ng4 15. Bc2 Nge5 16. Bb3 Nxf3+ 17. Qxf3 Ne5 18. Qe2 Rac8 19. Na4 Bc6 20. b5 Bb7 21. Be3 Nd7 22. f3 Nc5 23. Nxc5 dxc5 24. bxa6 Bxa6 25. Ba4 Rfd8 26. g3 Bd4 27. Kg2 Bb7 28. Bf4 Qe7 29. Bb5 Ra8 30. Rd3 Ra5 31. Rcd1 Rda8 32.
a4 R5a7 33. e5 g5 34. Be3 g4 35. Bf4 gxf3+ 36. Rxf3 Rxa4 37. Bxa4 Rxa4 38. Kh3 Bxf3 39. Qxf3 f6 40. Qc6 Ra7 41. Qxb6 Rb7 42. Qc6 Rc7 43. Qa8+ Kf7 44. exf6 Ra7 45. fxe7 Rxa8 46. Bd6 Ra6 47. Rf1+ Bf6 48. Rxf6+ Kxf6 49. e8=Q Rxd6 50. Qc8 Rd4 51.
Qxc5 e5 52. Qf8+ Ke6 53. Qe8+ Kd6 54. Qd8+ Kc5 55. Qc7+ Kb4 56. c5 Rc4 57. Qb6+ Kc3 58. c6 e4 59. c7 e3 60. Qxe3+ Kb4 61. Qe7+ Kb5 62. Qd7+ Kb4 63. c8=Q Re4 64. Qdb7+ Ka5 65. Qca8# 1-0

[Event "*** Titled Tuesday Blitz"]
[Site "Chess.com"]
[Date "2021.04.20"]
[Round "1"]
[White "elcandado"]
[Black "Rytenko_V"]
[Result "1-0"]
[WhiteElo "2651"]
[BlackElo "2344"]
[TimeControl "180+1"]
[EndTime "10:07:50 PDT"]
[Termination "elcandado won by checkmate"]

1. d4 d5 2. Bf4 Nf6 3. e3 Bf5 4.
c4 c6 5. Nc3 e6 6. Qb3 Qb6 7.
c5 Qxb3 8. axb3 Nbd7 9. h3 Be7 10. b4 O-O 11. b5 cxb5 12. Bxb5 a6 13. Be2 Rfc8 14. Nf3 b6 15. cxb6 Nxb6 16. Bxa6 Nc4 17. O-O Rc6 18. Bxc4 Rxa1 19. Rxa1 dxc4 20. Ra8+ Bf8 21.
Ne5 Rb6 22. Nxc4 Rc6 23. Bd6 Nd7 24. Bxf8 Nxf8 25. Ne5 Rd6 26. e4 Bg6 27. Nb5 Rb6 28.
Nd7 h6 29. Rxf8+ Kh7 30. Nxb6 Bxe4 31. Rxf7 Kg6 32. Rc7 Bd3 33. Nc3 Kf5 34. f3 g5 35.
Kf2 h5 36. g4+ hxg4 37. hxg4+ Kf6 38. b4 Kg6 39. b5 Kf6 40. Nc8 e5 41. dxe5+ Kxe5 42. b6 Ba6 43. b7 Bxb7 44. Rxb7 Kf4 45. Rf7+ Ke5 46. Rf5+ Ke6 47. Rxg5 Kf6 48. Rg8 Kf7 49. Rd8 Kf6 50. Kg3 Kf7 51. Kh4 Kg7 52. f4 Kf7 53.
Rd5 Kg7 54. Ra5 Kf7 55. Nb6 Kg7 56. f5 Kf7 57. Kg5 Kg7 58. Ra7+ Kf8 59. Nc4 Ke8 60.
Kf6 Kf8 61. Ra8# 1-0

[Event "*** Titled Tuesday Blitz"]
[Site "Chess.com"]
[Date "2021.04.20"]
[Round "1"]
[White "rugbyclub"]
[Black "MMSANCHEZ"]
[Result "0-1"]
[WhiteElo "2223"]
[BlackElo "2556"]
[TimeControl "180+1"]
[EndTime "10:07:50 PDT"]
[Termination "MMSANCHEZ won by checkmate"]

1. c4 e5 2. Nc3 Nf6 3. Nf3 Nc6 4. e3 d5 5. cxd5 Nxd5 6. Bb5 f6 7. d4 Nxc3 8. bxc3 e4 9. Nd2 f5 10. O-O Bd7 11.
f3 exf3 12. Qxf3 Bd6 13. Nc4 O-O 14. Nxd6 cxd6 15. Qd5+ Kh8 16. Qxd6 Rc8 17. Bd2 a6 18.
Bd3 Rf6 19. Qf4 Qe7 20. Rae1 Re8 21. Qh4 Qf7 22. e4 Qxa2 23. Bg5 Rff8 24. exf5 Rxe1 25. Rxe1 Qf7 26. d5 Qxd5 27. Be4 Qc5+ 28. Kh1 Bxf5 29. Bxc6 Qxc6 30. Qd4 Be4 31. Rg1 Re8 32. h3 h6 33. Bf4 Qe6 34. Kh2 Qf5 35. Bxh6 Qe5+ 36.
Qxe5 Rxe5 37. Bf4 Rc5 38. Rc1 Kh7 39. Be3 Rc6 40. Bd4 a5 41. Re1 Re6 42. Rf1 Kg6 43. Ra1 b6 44. Ra2 Bd5 45. Rb2 a4 46. Rxb6 Rxb6 47.
Bxb6 a3 48. Bd4 Bc4 49. h4 a2 50. h5+ Kxh5 51. Kh3 a1=Q 52. g4+ Kg6 53. Be3 Qf1+ 54. Kg3 Qd3 55. Kf4 Bd5 56. Bd4 Qe4+ 57. Kg3 Qf3+ 58.
Kh4 Be6 59. g5 Qg4# 0-1

[Event "*** Titled Tuesday Blitz"]
[Site "Chess.com"]
[Date "2021.04.20"]
[Round "1"]
[White "Sanyura"]
[Black "chessbia"]
[Result "1-0"]
[WhiteElo "2616"]
[BlackElo "2315"]
[TimeControl "180+1"]
[EndTime "10:07:51 PDT"]
[Termination "Sanyura won on time"]

1. Nf3 d5 2. g3 g6 3. Bg2 Bg7 4. c4 dxc4 5. O-O e5 6. Qa4+ Nc6 7. Nc3 Ne7 8. Qxc4 O-O 9. d3 Be6 10. Qb5 Rb8 11. Ng5 Bd7 12. Nge4 Nd4 13. Qa5 Nec6 14. Qc5 b6 15. Qd5 Nb4 16. Qc4 Nbc2 17. Bg5 Qc8 18. Nd5 Be6 19. Nef6+ Kh8 20. Rac1 Nxe2+ 21. Kh1 Nxc1 22.
Qxc2 Nxa2 23. Qd2 c5 24. Bh6 Nb4 25. Nh5 Rg8 26. Bxg7+ Rxg7 27. Nxg7 Kxg7 28. Nxb4 cxb4 29. Qxb4 Qd8 30. Qe4 Qd4 31. Qc6 a5 32. h4 h5 33. Qc7 Rd8 34. Qb7 Rd7 35. Qf3 Bd5 36.
Qe2 Bxg2+ 37. Kxg2 Rd6 38. Kg1 f6 39. Re1 b5 40.
Rd1 b4 41. Rc1 g5 42. hxg5 fxg5 43. Qxh5 Kf6 44. Qh6+ Kf5 45. Qh7+ Kg4 46. Rc4 1-0

[Event "*** Titled Tuesday Blitz"]
[Site "Chess.com"]
[Date "2021.04.20"]
[Round "1"]
[White "SchmakAttack"]
[Black "AniJak"]
[Result "1-0"]
[WhiteElo "2600"]
[BlackElo "2288"]
[TimeControl "180+1"]
[EndTime "10:07:51 PDT"]
[Termination "SchmakAttack won on time"]

1. Nf3 d5 2. g3 Nf6 3. Bg2 g6 4. b3 Bg7 5. Bb2 O-O 6. O-O c5 7. e3 Nc6 8. Ne5 Qc7 9. Nxc6 bxc6 10. d3 e5 11. Nd2 Ba6 12. c4 Rad8 13. Qc2 Rfe8 14.
Rfe1 Qb6 15. Rac1 Rc8 16. Nf3 Nd7 17. Nh4 Bb7 18. e4 d4 19. Rf1 Rcd8 20. f4 exf4 21. gxf4 Bc8 22. Rce1 Qc7 23. Bc1 Nf8 24. f5 Qe7 25. Qf2 Nd7 26. Qg3 Ne5 27. Rd1 Bf6 28. Nf3 Nxf3+ 29. Bxf3 Be5 30. Qg2 Bg7 31. Bg5 f6 32.
Bd2 g5 33. Kh1 Rf8 34. Rg1 Bd7 35. h4 h6 36. Rde1 Kh7 37. Qh3 Qe5 38. hxg5 fxg5 39.
Bxg5 Rde8 40. Re2 Qd6 41. Reg2 Re7 42. Bxe7 Qxe7 43. Rxg7+ 1-0

[Event "*** Titled Tuesday Blitz"]
[Site "Chess.com"]
[Date "2021.04.20"]
[Round "1"]
[White "Koalaskakistis"]
[Black "chesshermar"]
[Result "1-0"]
[WhiteElo "2540"]
[BlackElo "2214"]
[TimeControl "180+1"]
[EndTime "10:07:51 PDT"]
[Termination "Koalaskakistis won by checkmate"]

1. Nf3 Nf6 2. g3 g6 3. Bg2 Bg7 4. O-O O-O 5. c4 d6 6. Nc3 e5 7. d3 Nc6 8. Rb1 a5 9. a3 Ne8 10. b4 axb4 11. axb4 f5 12. Qc2 Nf6 13. b5 Nd4 14.
Nxd4 exd4 15. Nd5 Kh8 16. Bb2 Nd7 17. Ra1 Rxa1 18. Rxa1 Nc5 19. Ra8 Qd7 20. Qd2 c6 21. bxc6 bxc6 22. Nb6 Qb7 23. Rxc8 Rxc8 24. Nxc8 Qxc8 25.
Qf4 Qb8 26. Bxd4 Ne6 27. Bxg7+ Kxg7 28. Qc1 c5 29. Qc3+ Kh6 30. Qf6 Qb1+ 31. Bf1 Nd4 32. Qxd6 Nxe2+ 33. Kg2 Qb7+ 34. Qd5 Qe7 35. Bxe2 Qxe2 36.
Qxc5 Kg7 37. Qd5 h5 38. h4 f4 39. Qd4+ Kh7 40. Qxf4 Qxd3 41. Qf7+ Kh6 42. Qd5 Qc3 43. c5 Kg7 44. c6 Kf6 45. Qd6+ Kf5 46. c7 Ke4 47. Qxg6+ Ke5 48. Qg7+ Ke4 49. Qxc3 Kf5 50.
c8=Q+ Ke4 51. Qe6# 1-0

[Event "*** Titled Tuesday Blitz"]
[Site "Chess.com"]
[Date "2021.04.20"]
[Round "1"]
[White "Nayemhaque22"]
[Black "AryanTari"]
[Result "1-0"]
[WhiteElo "2472"]
[BlackElo "2885"]
[TimeControl "180+1"]
[EndTime "10:07:52 PDT"]
[Termination "Nayemhaque22 won by resignation"]

1. d4 Nf6 2. Bg5 Ne4 3. Bf4 d5 4. Nd2 Bf5 5. e3 e6 6. Ngf3 Bd6 7. Bxd6 Qxd6 8. c4 O-O 9. Qb3 c5 10. cxd5 exd5 11. Nxe4 dxe4 12. dxc5 Qxc5 13. Nd4 Nc6 14. Nxf5 Qxf5 15. Be2 Qa5+ 16. Qc3 Qxc3+ 17. bxc3 Rac8 18.
O-O Ne5 19. Rac1 Rfd8 20. Rfd1 Kf8 21. Rd4 Rxd4 22. exd4 Nc6 23. Rb1 Na5 24. Rc1 Ke7 25.
f3 exf3 26. Bxf3 b6 27. Kf2 Kd6 28. Ke2 Nc4 29. Kd3 b5 30. Rb1 a6 31. a4 bxa4 32. Rb4 a3 33. Kc2 f5 34. Ra4 a5 35. Be2 Ne3+ 36. Kd3 Nd5 37. Rxa3 Nb6 38. Rxa5 g6 39. Ra6 Kc7 40. Ra7+ Kd6 41. Rxh7 Nd5 42. Rg7 Rxc3+ 43.
Kd2 Ra3 44. Rxg6+ Ke7 45. g3 Ra2+ 46. Kd3 Ra3+ 47. Kd2 Ra2+ 48. Ke1 f4 49. Bc4 Ne3 50. Bxa2 f3 51. Kf2 1-0

[Event "*** Titled Tuesday Blitz"]
[Site "Chess.com"]
[Date "2021.04.20"]
[Round "1"]
[White "politeplayer"]
[Black "deribas12345"]
[Result "1-0"]
[WhiteElo "2232"]
[BlackElo "2524"]
[TimeControl "180+1"]
[EndTime "10:07:52 PDT"]
[Termination "politeplayer won by resignation"]

1. e4 c5 2. Nf3 d6 3. d4 cxd4 4. Nxd4 Nf6 5. Nc3 a6 6. Bc4 e6 7. a4 Be7 8. O-O O-O 9. Ba2 Nbd7 10. Bxe6 fxe6 11. Nxe6 Qa5 12. Bd2 Qe5 13. Nxf8 Nxf8 14.
f3 Ng6 15. Be3 Bd7 16. Bd4 Qe6 17. Bxf6 Bxf6 18. Nd5 Rf8 19. Nxf6+ Rxf6 20. c3 Nf4 21.
Qd2 Qe5 22. g3 Rg6 23. Kh1 Nh5 24. Qd5+ Qxd5 25. exd5 Nf6 26. c4 Rg5 27. Rfe1 Kf7 28. Re3 h5 29. Rae1 Ng8 30. Rb3 Bc8 31. a5 Rf5 32. Kg2 h4 33. Rb6 Rf6 34. g4 h3+ 35. Kg3 g5 36. c5 dxc5 37. Rxf6+ Nxf6 38. d6 Nd5 39. Kxh3 Be6 40. Kg3 Nf4 41. h4 Nd3 42. Rd1 Nxb2 43. d7 Bxd7 44. Rxd7+ Ke6 45. Rxb7 Nc4 46. Rc7 gxh4+ 47. Kxh4 Kd6 48. Rc8 Ne5 49. Kg3 c4 50. g5 Nc6 51. g6 c3 52. g7 c2 53.
Rxc6+ Kxc6 54. g8=Q c1=Q 55. Qc8+ 1-0

[Event "*** Titled Tuesday Blitz"]
[Site "Chess.com"]
[Date "2021.04.20"]
[Round "1"]
[White "GM_LOADING"]
[Black "HouseOfDurin"]
[Result "1-0"]
[WhiteElo "2505"]
[BlackElo "2125"]
[TimeControl "180+1"]
[EndTime "10:07:52 PDT"]
[Termination "GM_LOADING won by checkmate"]

1. e4 c5 2. Nf3 d6 3. d4 cxd4 4. Nxd4 Nf6 5. Nc3 g6 6. Be2 Bg7 7. Be3 O-O 8. O-O Nc6 9. Qd2 Re8 10. h3 a6 11. f4 Nxd4 12. Bxd4 b5 13. Bf3 Bb7 14. a3 e5 15. Bf2 Qe7 16. Rfe1 Rad8 17. Rad1 exf4 18. Qxf4 Nd7 19. Qxd6 Qxd6 20. Rxd6 Bxc3 21.
bxc3 Ne5 22. Rxd8 Rxd8 23. Bd4 Nc4 24. Ra1 Re8 25. a4 Bxe4 26. Bxe4 Rxe4 27. axb5 a5 28. Ra4 Nd2 29. b6 Re1+ 30. Kf2 Rb1 31. Rxa5 f5 32. Ra7 Ne4+ 33. Ke3 Nd6 34. Rg7+ Kf8 35. Rxh7 Nc4+ 36. Ke2 Rb2 37. Kd3 Nxb6 38. Rb7 Na4 39. Rxb2 Nxb2+ 40. Ke3 Nc4+ 41. Kf4 Kf7 42. Kg5 Nd2 43. h4 Ne4+ 44. Kf4 Ke6 45. c4 Nd2 46. c5 Nc4 47. Kg5 Kd5 48.
c3 Ke4 49. Kxg6 f4 50. h5 f3 51. gxf3+ Kxf3 52. h6 Na5 53. h7 Nc6 54. h8=Q Ne7+ 55. Kf7 Ke4 56. Kxe7 Kd5 57. Qe5+ Kc4 58. c6 Kd3 59. c7 Kc4 60. c8=Q+ Kd3 61. Qe3+ Kc2 62. Qf5+ Kb3 63. c4+ Kxc4 64. Qc3# 1-0

[Event "*** Titled Tuesday Blitz"]
[Site "Chess.com"]
[Date "2021.04.20"]
[Round "1"]
[White "gumimis"]
[Black "Grandmaster1369"]
[Result "0-1"]
[WhiteElo "2320"]
[BlackElo "2623"]
[TimeControl "180+1"]
[EndTime "10:07:54 PDT"]
[Termination "Grandmaster1369 won by resignation"]

1. e4 c5 2. Nf3 d6 3. d4 cxd4 4. Nxd4 Nf6 5. Nc3 a6 6. Bg5 Nbd7 7. a4 h6 8. Bh4 Qb6 9. a5 Qc7 10. Nb3 e6 11. Be2 Be7 12. O-O O-O 13. Bg3 Rd8 14. f4 Nc5 15. Nxc5 dxc5 16. Qe1 Bd7 17. Bf3 Bc6 18. f5 e5 19. Qe3 Rd4 20. Ne2 Rb4 21. Qc3 Nxe4 22. Bxe5 Nxc3 23. Bxc7 Nxe2+ 24. Bxe2 Rxb2 25. Bd3 Bf6 26. Rab1 Ra2 27. Rfe1 c4 28. Bxc4 Rxc2 29. Bf1 Bc3 30. Re7 Bd4+ 31. Kh1 Bc5 32. Re5 Rc8 33.
Bb6 Bxb6 34. axb6 a5 35. Rxa5 Bxg2+ 36. Bxg2 Rc1+ 37. Rxc1 Rxc1+ 38. Bf1 Rxf1+ 39. Kg2 Rb1 40. Ra8+ Kh7 41. Rf8 f6 42. Rb8 Rxb6 43. Kf3 Rb4 44. Ke3 h5 45. Kf3 b5 46. Kg3 g5 47. fxg6+ Kxg6 48.
h4 Kf5 49. Rh8 Rb3+ 50. Kf2 Kg4 51. Rf8 Rf3+ 52. Kg2 Rf5 0-1

[Event "*** Titled Tuesday Blitz"]
[Site "Chess.com"]
[Date "2021.04.20"]
[Round "1"]
[White "LawrenceTrent"]
[Black "Komiagina_Maria"]
[Result "1-0"]
[WhiteElo "2571"]
[BlackElo "2246"]
[TimeControl "180+1"]
[EndTime "10:07:54 PDT"]
[Termination "LawrenceTrent won by resignation"]

1. c4 Nf6 2. Nc3 g6 3. h4 h6 4. d4 d6 5. e4 Bg7 6. f3 a6 7.
Be3 c6 8. Qd2 b5 9. O-O-O Nbd7 10.
g4 Qa5 11. a3 Rb8 12. cxb5 axb5 13. Rh2 Qc7 14. Kb1 b4 15. axb4 Rxb4 16. Qc1 h5 17. g5 Nh7 18. Nd5 Qb7 19. Nxb4 Qxb4 20.
Qc3 Qb7 21. Rc2 c5 22. dxc5 Bxc3 23. Rxc3 O-O 24. c6 Qc7 25. cxd7 Qxd7 26. Bh3 Qb7 27. Rdc1 Bxh3 28. Nxh3 e6 29. Nf2 Re8 30. Nd3 Nf8 31. Bf4 e5 32. Be3 Ne6 33. Rc4 d5 34. Rb4 Qa8 35.
Nxe5 dxe4 36. Rxe4 Rc8 37. Rxc8+ Qxc8 38. Rc4 Qb7 39.
Nc6 Kg7 40. Bd2 Qb5 41. Bc3+ Kh7 42. Ne5 Qd5 43. Kc2 Nc5 44. Rf4 Qb3+ 45. Kc1 Kg8 46. Kd2 Qd5+ 47. Ke3 Ne6 48. Rxf7 Qc5+ 49. Ke2 Qb5+ 50.
Kf2 Qc5+ 51. Kg3 Qd6 52. Rf6 Kh7 53. Rf7+ Kg8 54. Rf6 Kh7 55. Kh3 Nc5 56. Rxd6 1-0

[Event "*** Titled Tuesday Blitz"]
[Site "Chess.com"]
[Date "2021.04.20"]
[Round "1"]
[White "allejam"]
[Black "Kislov_Oleg"]
[Result "0-1"]
[WhiteElo "2156"]
[BlackElo "2510"]
[TimeControl "180+1"]
[EndTime "10:07:55 PDT"]
[Termination "Kislov_Oleg won by checkmate"]

1. e4 c5 2. d4 cxd4 3. c3 dxc3 4. Nxc3 Nc6 5. Bc4 e6 6. Nf3 a6 7. O-O d6 8. Qe2 b5 9. Bb3 Ra7 10. Rd1 Rd7 11. Bf4 Bb7 12. Rac1 Be7 13. Rd2 Nf6 14. Rcd1 O-O 15. h3 b4 16. Na4 Na5 17. e5 Nd5 18. Bxd5 Bxd5 19. Qxa6 Bxf3 20. gxf3 d5 21. Nb6 Rb7 22. Be3 Qb8 23. Qxa5 Bd8 24. Qxb4 Bxb6 25.
Bxb6 Rxb6 26. Qd4 Rb4 27. Qc3 Rc8 28. Qa3 Rh4 29. Kg2 Qxe5 30. Qe3 Qf5 31. Rh1 Rcc4 32. Qb6 Rc8 33. Rd4 Rxd4 34. Qxd4 h5 35. a4 Rc2 36.
a5 Qg5+ 37. Kf1 Rc1+ 38. Ke2 Rxh1 39. a6 Qc1 40. f4 Re1+ 41. Kf3 Qd1+ 42. Qxd1 Rxd1 43.
b4 Rb1 44. a7 Ra1 45. b5 Rxa7 46. b6 Rb7 47. f5 Rxb6 48. fxe6 fxe6 49. Kf4 Kf7 50.
Ke5 g6 51. f4 Ke7 52. h4 Rb4 53. f5 Re4# 0-1

[Event "*** Titled Tuesday Blitz"]
[Site "Chess.com"]
[Date "2021.04.20"]
[Round "1"]
[White "Das_Virus_2020"]
[Black "MVM2008"]
[Result "0-1"]
[WhiteElo "2491"]
[BlackElo "2154"]
[TimeControl "180+1"]
[EndTime "10:07:55 PDT"]
[Termination "MVM2008 won on time"]

1. e4 c5 2. c3 d6 3. d4 Nd7 4. Bd3 g6 5. f3 Bg7 6. Ne2 e5 7.
Be3 Ne7 8. O-O O-O 9. Na3 a6 10. Nc4 Qc7 11. a4 d5 12. Nxe5 Nxe5 13. dxe5 Bxe5 14.
f4 dxe4 15. Bxe4 Bg7 16. Ng3 f5 17. Bf3 Be6 18. Re1 Rad8 19. Qc2 Nd5 20. Bf2 Nxf4 21. Rad1 Rxd1 22. Rxd1 Bf7 23. Ne2 Nxe2+ 24. Qxe2 Re8 25.
Qc2 b5 26. axb5 axb5 27. h3 Be5 28. Re1 Bh2+ 29. Kh1 Rxe1+ 30. Bxe1 Bg3 31. Qe2 Bxe1 32. Qxe1 Qd7 33. Qe2 Bc4 34. Qe5 Qe6 35. Qxc5 Kg7 36. Qd4+ Qf6 37. Qd7+ Qf7 38. Qd6 Qf6 39. Qc7+ Qf7 40.
Qc5 Qe8 41. Qd4+ Kg8 42. Bd5+ Kf8 43. Bxc4 bxc4 44. Qc5+ Qe7 45. Qxc4 Qe1+ 46. Kh2 Qe5+ 47. g3 Qe3 0-1

[Event "*** Titled Tuesday Blitz"]
[Site "Chess.com"]
[Date "2021.04.20"]
[Round "1"]
[White "LifeIsAllAboutChess23"]
[Black "Deepweb2020"]
[Result "0-1"]
[WhiteElo "2123"]
[BlackElo "2505"]
[TimeControl "180+1"]
[EndTime "10:07:57 PDT"]
[Termination "Deepweb2020 won by resignation"]

1. d4 Nf6 2. Bg5 d5 3. Nd2 c5 4. dxc5 e6 5. b4 a5 6. c3 axb4 7.
cxb4 b6 8. Nb3 bxc5 9. bxc5 Na6 10. Qd4 Nxc5 11. Nxc5 Qa5+ 12. Bd2 Qxc5 13. Qxc5 Bxc5 14.
f3 Bd4 15. Rc1 O-O 16. Bb4 Re8 17.
Rc2 Bd7 18. a3 Rec8 19. Rxc8+ Rxc8 20. Kd2 Ba4 21. Kd3 Bb6 22. Nh3 Nd7 23. e4 Ne5+ 24. Kd2 dxe4 25. fxe4 Rd8+ 26. Ke1 Rd1+ 27. Ke2 Nd3 28.
g3 Nxb4 29. axb4 Rb1 30. Bg2 Rb2+ 31. Kf3 Rb3+ 32. Kg4 Rxb4 33. Rc1 Kf8 34. Ng5 h6 35. Rc8+ Ke7 36. Nh3 Bd7 37. Rb8 e5+ 38. Kf3 Rb3+ 39.
Ke2 Bb5+ 40. Kd2 Bc6 41. Bf1 Ba5+ 42. Kc2 Rxb8 43. Bc4 f6 44. Nf2 Bb6 45. Ng4 Bd4 46.
Kd3 Ba4 47. h4 Rc8 48. Ne3 Bxe3 49. Ba6 Ra8 50. Bb7 Ra7 0-1

[Event "*** Titled Tuesday Blitz"]
[Site "Chess.com"]
[Date "2021.04.20"]
[Round "1"]
[White "GMJustin"]
[Black "Fighterman91"]
[Result "0-1"]
[WhiteElo "2322"]
[BlackElo "2628"]
[TimeControl "180+1"]
[EndTime "10:07:58 PDT"]
[Termination "Fighterman91 won on time"]

1. e4 c5 2. Nf3 d6 3. d4 cxd4 4. Qxd4 Nf6 5. Nc3 Nc6 6. Bb5 Bd7 7. Bxc6 Bxc6 8. Bg5 h6 9. Bxf6 gxf6 10. O-O-O e6 11. Qd3 a6 12. Nd4 Bd7 13. f4 Qa5 14. Kb1 O-O-O 15.
f5 Kb8 16. Rhf1 Be7 17. Qc4 d5 18. exd5 Rc8 19. Qb3 e5 20. Nc6+ Bxc6 21. dxc6 Rxc6 22. Qxf7 Bb4 23. Rd7 Rb6 24. Nd5 Qb5 25. Rd1 Ba3 26.
b3 Rc6 27. c4 Rxc4 28. Rxb7+ Qxb7 29. Qxb7+ Kxb7 30. bxc4 Rf8 31. Kc2 Bc5 32. Nc3 Kc6 33. Ne4 Bd4 34. Rb1 Rg8 35. g3 Rf8 36. Kd3 a5 37.
Rb5 Rd8 38. Rd5 Rb8 39. Rd6+ Kc7 40. Rxf6 Rb1 41. Rxh6 Rd1+ 42. Ke2 Rc1 43. f6 Kd7 44.
Rh7+ Ke6 45. Re7+ Kf5 46. c5 Kxe4 47. f7 Rc2+ 48. Ke1 Rc1+ 49. Kd2 Be3+ 50. Ke2 Rc2+ 51.
Kf1 Rf2+ 52. Ke1 Bxc5 53. Rc7 Bd4 0-1

[Event "*** Titled Tuesday Blitz"]
[Site "Chess.com"]
[Date "2021.04.20"]
[Round "1"]
[White "TheBigBoss04"]
[Black "Orest_Vovk"]
[Result "0-1"]
[WhiteElo "2803"]
[BlackElo "2454"]
[TimeControl "180+1"]
[EndTime "10:07:59 PDT"]
[Termination "Orest_Vovk won by checkmate"]

1. c4 g5 2. d4 h6 3. h4 g4 4. h5 g3 5. fxg3 Bg7 6. Nf3 c5 7.
d5 d6 8. Nc3 Bxc3+ 9. bxc3 Qa5 10. Bd2 Nf6 11. Qc2 Nbd7 12. e4 Ng4 13. Bd3 Nde5 14. O-O Rg8 15. Nxe5 Nxe5 16. Bxh6 Rxg3 17. Bf4 Rg8 18. Bxe5 dxe5 19. Qf2 f6 20. h6 Qxc3 21.
h7 Rh8 22. Be2 Qd4 23. Bh5+ Kf8 24. d6 Rxh7 25. Qxd4 cxd4 26. Be2 Be6 27. c5 Rc8 28. Rac1 Rh6 29. a4 Ke8 30. Bb5+ Bd7 31. dxe7 Kxe7 32. Kf2 a6 33. Bd3 Bxa4 34. Rb1 Bc6 35. Rb6 Kd7 36.
Rfb1 Rg8 37. Bc4 Rg4 38. Bd5 Rh2 39. Rxb7+ Bxb7 40. Rxb7+ Ke8 41. c6 Rgxg2+ 42. Ke1 Rc2 43. Kd1 Rc5 44. Rb8+ Ke7 45. Rb7+ Kf8 46. c7 Rhc2 47.
Rb8+ Ke7 48. Rb7 Rc1+ 49. Kd2 Rxc7 50. Rb6 R1c2+ 51. Kd3 R7c3# 0-1